AoeStats
← Red Calypso

Lombardia

507058599Analyzed
4v4 RM · 16d ago on Sep 16, 2026· 60m 32s· 8 players
Game mode
Random Map
Map size
Large (8 player)
Population
200
Speed
Normal
Resources
Standard
Victory
Conquest
Starting age
Dark Age
Ending age
Imperial Age
RankedLock teamsTeams togetherTeam positionsShared explorationLock speedFull tech treeHidden civsTurbo modeCheats
Victory
Defeat
🇨🇱 Maya · Chile
1476
+15
🇸🇮 Jurchens · Slovenia
1413
+17
🇩🇪 Burmese · Germany
1403
+18
🇩🇪 Khmer · Germany
1393
+18
🇩🇪 Burgundians · Germany
1486
-19
🇦🇹 Slavs · Austria
1436
-17
🇨🇭 Berbers · Switzerland
1428
-16
🇦🇹 Byzantines · Austria
1425
-16
Red Calypso
7:10 Loom
9:33 Feudal Age
10:28 Double-Bit Axe
23:59 Castle Age
21:45 Horse Collar
22:27 Scale Barding Armor
22:32 Forging
24:55 Wheelbarrow
25:01 Bow Saw
29:47 Hand Cart
31:58 Chain Barding Armor
34:24 Imperial Age
32:37 Heavy Plow
33:01 Stone Mining
36:27 Two-Man Saw
35:59 Crop Rotation
36:20 Bloodlines
36:10 Husbandry
37:05 Conscription
37:23 Plate Barding Armor
38:17 Iron Casting
37:46 Gold Mining
37:35 Cavalier
38:36 Detinets
38:21 Pikeman
39:02 Squires
39:05 Scale Mail Armor
40:30 Blast Furnace
39:35 Fletching
40:33 Druzhina
40:51 Chain Mail Armor
40:24 Town Watch
40:21 Halberdier
41:32 Fortified Wall
41:33 Masonry
43:28 Caravan
44:41 Siege Engineers
48:34 Plate Mail Armor
48:01 Bodkin Arrow
47:56 Man-at-Arms
48:29 Long Swordsman
49:27 Two-Handed Swordsman
50:12 Champion
50:15 Elite Boyar
54:46 Ballistics
55:26 Chemistry
54:22 Murder Holes
55:20 Heavy Scorpion
55:57 Capped Ram
57:12 Siege Ram
59:02 Light Cavalry
Ludo
5:03 Loom
11:23 Feudal Age
16:56 Castle Age
16:17 Double-Bit Axe
18:14 Horse Collar
19:42 Fletching
23:56 Ballistics
26:05 Bodkin Arrow
28:44 Padded Archer Armor
34:13 Leather Archer Armor
35:08 Gold Mining
35:51 Squires
36:54 Scale Mail Armor
37:55 Wheelbarrow
38:39 Heavy Plow
38:23 Pikeman
38:50 Arson
39:59 Hand Cart
40:18 Chain Mail Armor
44:05 Imperial Age
41:40 Caravan
41:43 Town Watch
42:32 Forging
43:34 Stone Mining
45:08 Conscription
44:55 Bracer
45:26 Plate Mail Armor
45:32 Iron Casting
45:28 Ring Archer Armor
44:33 Elite Camel Archer
45:33 Town Patrol
46:31 Bow Saw
47:42 Plate Mail Armor
47:47 Iron Casting
48:31 Chemistry
49:46 Ring Archer Armor
52:04 Blast Furnace
54:30 Crop Rotation
vR-MrReD
7:38 Loom
10:43 Feudal Age
9:27 Double-Bit Axe
10:30 Horse Collar
10:42 Gold Mining
14:51 Castle Age
15:26 Bow Saw
16:35 Wheelbarrow
21:24 Bow Saw
21:43 Gold Mining
23:17 Cavalier
23:58 Husbandry
25:55 Scale Barding Armor
26:40 Heavy Plow
28:39 Forging
28:33 Stone Mining
29:19 Gold Shaft Mining
30:34 Chain Barding Armor
32:00 Crop Rotation
35:01 Imperial Age
32:49 Hand Cart
33:58 Stone Shaft Mining
34:16 Iron Casting
35:20 Two-Man Saw
33:56 Light Cavalry
36:25 Paladin
37:37 Burgundian Vineyards
37:53 Conscription
37:35 Hussar
38:30 Town Watch
39:23 Plate Barding Armor
39:48 Blast Furnace
40:14 Fortified Wall
41:04 Chemistry
42:07 Blast Furnace
41:39 Caravan
42:09 Coinage
44:01 Banking
48:12 Treadmill Crane
48:51 Scale Mail Armor
50:51 Town Patrol
51:55 Squires
51:40 Arson
52:06 Pikeman
57:36 Halberdier
59:13 Guilds
59:00 Fletching
59:10 Padded Archer Armor
59:26 Chain Mail Armor
60:03 Bodkin Arrow
maxder
11:08 Feudal Age
14:57 Castle Age
13:02 Loom
13:03 Double-Bit Axe
13:25 Horse Collar
16:47 Bow Saw
18:29 Heavy Plow
20:39 Wheelbarrow
23:05 Gold Mining
23:08 Stone Mining
23:57 Hand Cart
26:52 Stone Shaft Mining
26:57 Gold Shaft Mining
29:06 Forging
29:03 Scale Barding Armor
32:07 Imperial Age
29:34 Fletching
30:54 Iron Casting
31:17 Chain Barding Armor
31:21 Husbandry
31:53 Bodkin Arrow
32:21 Ballistics
31:42 Treadmill Crane
33:06 Logistica
33:16 Conscription
33:03 Elite Cataphract
35:00 Plate Barding Armor
36:26 Chemistry
35:43 Bracer
40:38 Murder Holes
40:30 Heavy Camel Rider
42:00 Hoardings
42:40 Greek Fire
43:07 Bombard Tower
43:56 Light Cavalry
45:06 Hussar
47:01 Caravan
Darealown
6:50 Loom
9:25 Feudal Age
10:24 Horse Collar
19:37 Castle Age
20:37 Heavy Plow
20:31 Gold Mining
20:54 Bloodlines
24:11 Fletching
25:02 Bloodlines
25:53 Scale Barding Armor
27:59 Wheelbarrow
29:18 Husbandry
29:58 Hand Cart
30:58 Chain Barding Armor
31:03 Bodkin Arrow
33:30 Forging
36:07 Imperial Age
34:59 Iron Casting
35:33 Gold Shaft Mining
34:57 Town Watch
36:31 Cavalier
36:34 Elite Battle Elephant
37:53 Plate Barding Armor
37:22 Howdah
38:10 Elite Battle Elephant
39:57 Blast Furnace
39:21 Conscription
45:35 Fortified Wall
46:45 Caravan
46:55 Light Cavalry
47:41 Hussar
49:05 Manipur Cavalry
50:13 Crop Rotation
57:25 Town Patrol
60:15 Capped Ram
Pxlgun
6:42 Loom
9:16 Feudal Age
10:31 Horse Collar
10:37 Double-Bit Axe
18:12 Castle Age
19:43 Bow Saw
20:17 Wheelbarrow
20:10 Scale Barding Armor
22:46 Bloodlines
25:28 Hand Cart
25:05 Town Watch
32:11 Imperial Age
30:22 Chain Barding Armor
30:12 Forging
30:28 Gold Mining
30:29 Stone Mining
33:50 Fortified Wall
34:52 Husbandry
35:27 Elite Battle Elephant
37:30 Plate Barding Armor
37:31 Iron Casting
43:22 Heavy Plow
45:45 Blast Furnace
50:36 Caravan
57:36 Tusk Swords
Eye
6:52 Loom
9:20 Feudal Age
9:57 Double-Bit Axe
11:38 Horse Collar
20:24 Castle Age
19:40 Bloodlines
20:24 Fletching
21:21 Bodkin Arrow
24:13 Husbandry
27:23 Padded Archer Armor
35:02 Ballistics
37:20 Imperial Age
35:54 Wheelbarrow
37:25 Heavy Cavalry Archer
38:49 Bracer
42:03 Chemistry
43:12 Bow Saw
43:03 Heavy Plow
44:33 Leather Archer Armor
46:49 Conscription
47:31 Ring Archer Armor
48:14 Hand Cart
47:45 Town Watch
47:51 Light Cavalry
48:38 Scale Barding Armor
48:44 Forging
48:51 Hussar
51:07 Chain Barding Armor
52:42 Plate Barding Armor
52:43 Iron Casting
52:36 Caravan
58:10 Blast Furnace
58:52 Elite Steppe Lancer
Hennessy
0:25 Loom
10:53 Feudal Age
11:44 Double-Bit Axe
14:40 Castle Age
12:32 Horse Collar
13:46 Gold Mining
13:46 Stone Mining
15:49 Bow Saw
15:40 Heavy Plow
19:55 Town Watch
22:02 Town Patrol
25:02 Gold Mining
26:50 Wheelbarrow
26:41 Stone Mining
28:11 Hand Cart
29:01 Forging
29:12 Scale Mail Armor
32:28 Imperial Age
30:51 Iron Casting
30:56 Chain Mail Armor
30:32 Fletching
30:19 Pikeman
30:59 Squires
30:20 Eagle Warrior
30:46 Arson
31:16 Treadmill Crane
32:53 Caravan
32:32 Elite Eagle Warrior
32:32 Halberdier
33:59 Conscription
34:12 Plate Mail Armor
36:15 Blast Furnace
36:23 Holcans
37:23 Bodkin Arrow
38:12 Crop Rotation
38:32 Bracer
38:55 Ballistics
40:13 Thumb Ring
40:09 Padded Archer Armor
41:14 Chemistry
42:09 Leather Archer Armor
43:29 Ring Archer Armor
47:26 Masonry
54:19 Architecture
56:12 Murder Holes
Connection lost

Rejoining the realm…

Still unreachable

The connection could not be restored.

Session expired

The server has moved on; the page needs a fresh start.